 Dungeon Crawl Stone Soup version 0.19-a0-1803-g97ff39f (webtiles) character file.

156 Naow the Chopper (level 5, -10/70 HPs)
             Began as a Minotaur Berserker on Oct 4, 2016.
             Was a Believer of Trog.
             Mangled by Menkaure (17 damage)
             ... on level 4 of the Dungeon.
             The game lasted 00:04:45 (2304 turns).

Naow the Chopper (Minotaur Berserker)               Turns: 2304, Time: 00:04:46

Health: -10/70     AC:  6    Str: 26    XL:     5   Next: 14%
Magic:  4/4        EV: 11    Int:  5    God:    Trog [**....]
Gold:   246        SH:  0    Dex: 10    Spells: 0 memorised, 4 levels left

rFire  . . .     SeeInvis .     a - +0 hand axe
rCold  . . .     Gourm    .     r - +0 scale mail {rPois}
rNeg   . . .     Faith    .     (no shield)
rPois  +         Spirit   .     (helmet restricted)
rElec  .         Dismiss  .     (no cloak)
rCorr  .         Reflect  .     (no gloves)
MR     .....     Harm     .     (no boots)
Stlth  ..........               (no amulet)
                                (no ring)
                                (no ring)

@: berserking (expiring), very quick
A: retaliatory headbutt, horns 2
a: Berserk, Trog's Hand, Burn Spellbooks, Renounce Religion


You were on level 4 of the Dungeon.
You worshipped Trog.
Trog was pleased with you.
You were hungry.

You visited 1 branch of the dungeon, and saw 4 of its levels.

You collected 246 gold pieces.

Inventory:

Hand Weapons
 a - a +0 hand axe (weapon)
Armour
 b - a +0 animal skin
 m - a +0 ring mail
 r - a +0 scale mail of poison resistance (worn)
Wands
 k - a wand of flame (24/48)
Scrolls
 d - a scroll of identify {unknown}
 e - a scroll of enchant weapon {unknown}
 f - 2 scrolls of teleportation {unknown}
 l - a scroll of random uselessness {unknown}
 o - a scroll of remove curse {unknown}
 s - a scroll of blinking {unknown}
 t - a scroll of magic mapping {unknown}
Potions
 g - a potion of invisibility {unknown}
 h - a potion of cancellation {unknown}
 i - a potion of degeneration {unknown}
 j - 2 potions of curing {unknown}
 n - a potion of agility {unknown}
 p - a potion of brilliance {unknown}
Comestibles
 c - 4 bread rations
 q - a chunk of flesh


   Skills:
 - Level 4.4 Fighting
 + Level 6.4 Axes
 - Level 2.7 Armour
 - Level 2.2 Dodging


You had 4 spell levels left.
You didn't know any spells.

Dungeon Overview and Level Annotations

Branches:
Dungeon (4/15)
 Temple: D:4-7

Altars:
Elyvilon
Gozag
Kikubaaqudgha
Trog

Annotations:
D:3 1 runed door
D:4 Menkaure


Innate Abilities, Weirdness & Mutations

You reflexively headbutt those who attack you in melee.
You have a pair of horns on your head.


Message History

Menkaure is nearby!
Menkaure gestures at you while chanting.
Pain shoots through your body!
A red film seems to cover your vision as you go berserk!
You feel yourself moving faster!
You feel mighty!
You are feeling hungry.
Menkaure calls on the powers of darkness!
Your body is wracked with pain!
You feel a strong urge to attack something.
Menkaure hits you!
* * * LOW HITPOINT WARNING * * *
Your scale mail prevents you from hitting Menkaure.
You barely miss Menkaure. You headbutt Menkaure!
Menkaure is moderately damaged.
Menkaure hits you!
* * * LOW HITPOINT WARNING * * *
You hit Menkaure.
Menkaure is heavily damaged.
Menkaure hits you!
You die...

#.# #.# ### ###.# #.#
#.. ..#.# #.# #.# #.#.#
#.# #.# #.#.# #.# #.#
#.#.####.####
#.#####.###.#....#....#
#..............#.......
#....M@.......#######.#
#######.###.### #># #.#
#.# #.# #.# #.# #<# ...
#.# #.# ..# #.. ..#
#.#. ### ### ## #


You could see Menkaure.

Vanquished Creatures
  An orc priest (D:3)
  Ijyb (D:2)
  4 adders
  An ooze (D:3)
  4 worms
  A leopard gecko (D:3)
  2 orcs (D:3)
  A ball python (D:2)
  3 giant cockroaches
  3 goblins
  10 hobgoblins
  2 jackals (D:3)
  A quokka (D:3)
  8 bats
  A frilled lizard (D:4)
  5 kobolds
  A rat (D:1)
  A fungus (D:1)
50 creatures vanquished.

Notes
Turn   | Place    | Note
-------+----------+-------------------------------------------
     0 | D:1      | Naow the Minotaur Berserker began the quest for the Orb.
     0 | D:1      | Reached XP level 1. HP: 19/19 MP: 0/0
   421 | D:1      | Reached XP level 2. HP: 26/27 MP: 1/1
   496 | D:1      | Reached skill level 4 in Axes
   669 | D:2      | Reached XP level 3. HP: 17/34 MP: 2/2
   851 | D:2      | Reached ** piety under Trog
   863 | D:2      | Noticed Ijyb
   875 | D:2      | Killed Ijyb
  1319 | D:2      | Reached skill level 5 in Axes
  1390 | D:2      | Reached XP level 4. HP: 41/41 MP: 3/3
  1522 | D:3      | Found a bloodstained altar of Trog.
  1542 | D:3      | Found a white marble altar of Elyvilon.
  1543 | D:3      | Found a runed door.
  1543 | D:3      | Noticed an angel
  1673 | D:3      | Reached skill level 6 in Axes
  1697 | D:3      | Found an opulent altar of Gozag.
  1896 | D:3      | Reached XP level 5. HP: 45/47 MP: 4/4
  2218 | D:4      | Found an ancient bone altar of Kikubaaqudgha.
  2296 | D:4      | Noticed Menkaure
  2304 | D:4      | Mangled by Menkaure

Vault maps used:
D:1:      lemuel_arrival_muddy, minivault_26, serial_park_tiny_1
D:2:      uniq_iyjb
D:3:      bloody_trog, nicolae_gozag_seed_capital, lemuel_angel_altar
D:4:      nicolae_overflow_hidden_temple, lemuel_coloured_pillars_altar,
          uniq_pikel, uniq_natasha, uniq_menkaure, uniq_sigmund

Skill      XL: |  1  2  3  4 |
---------------+-------------+-----
Fighting       | 4 |  4.4
Axes           | 4 5 6 |  6.4
Armour         | |  2.7
Dodging        | |  2.2

Action                   |  1- 3 |  4- 6 || total
-------------------------+-------+-------++-------
Melee: Hand axe          |    53 |    71 ||   124
       Headbutt          |    17 |    12 ||    29
Invok: Berserk           |     1 |     1 ||     2
  Eat: Chunk             |     2 |     3 ||     5
Armor: Animal skin       |    15 |       ||    15
       Scale mail        |       |    18 ||    18
       Ring mail         |       |     8 ||     8
Dodge: Dodged            |    34 |    25 ||    59
